 Dungeon Crawl Stone Soup version 0.29.0-4-gdea44cf6ec (webtiles) character file.

Game seed: 5546275812602801165

150 qw the Chopper (level 5, -4/32 HPs)
             Began as a Gargoyle Fighter on Sept 10, 2022.
             Slain by an orc
             ... wielding a +0 trident
              (5 damage)
             ... on level 3 of the Dungeon.
             The game lasted 00:00:42 (1656 turns).

qw the Chopper (Gargoyle Fighter)                   Turns: 1656, Time: 00:00:43

Health: -4/32      AC: 13    Str: 22    XL:     5   Next: 32%
Magic:  5/5        EV: 11    Int:  8    God:
Gold:   130        SH:  4    Dex:  9    Spells: 4/4 levels left

rFire   . . .      SeeInvis .   Y - +0 war axe
rCold   . . .      Faith    .   c - +0 buckler
rNeg    + . .      Spirit   .   k - +0 chain mail
rPois   inf        Reflect  .   (no helmet)
rElec   +          Harm     .   (no cloak)
rCorr   +          Rampage  .   (no gloves)
Will    .....                   (no boots)
Stlth   ..........              (no amulet)
HPRegen 0.10/turn               j - +4 ring of evasion
MPRegen 0.09/turn               g - ring of resist corrosion

@: no status effects
A: sickness immunity, AC +4, negative energy resistance 1, electricity
resistance, torment resistance 1, petrification resistance
a: no special abilities


You were on level 3 of the Dungeon.
You visited 1 branch of the dungeon, and saw 3 of its levels.

You collected 130 gold pieces.


Innate Abilities, Weirdness & Mutations

You are immune to sickness and miasma.
Your stone body is resilient. (AC +4)
You are immune to poison.
You resist negative energy. (rN+)
You are resistant to electric shocks. (rElec)
You are resistant to unholy torment.
You are immune to petrification.


   Skills:
 - Level 3.2 Fighting
 + Level 4.9 Axes
 - Level 3.2 Armour
 - Level 3.2 Shields


You had 4 spell levels left.
You didn't know any spells.
Your spell library was empty.

Inventory:

Hand Weapons
 h - a +0 flail
 Y - a +0 war axe (weapon)
Armour
 c - a +0 buckler (worn)
 k - a +0 chain mail (worn)
Jewellery
 a - a ring of fire
 g - a ring of resist corrosion (right hand)
 j - a +4 ring of evasion (left hand)
Scrolls
 b - a scroll of enchant weapon {unknown}
 i - a scroll of amnesia {unknown}
 l - a scroll of immolation {unknown}
Potions
 d - 2 potions of might
 e - a potion of degeneration {unknown}
 f - a potion of lignification {unknown}

Dungeon Overview and Level Annotations

Branches:
Dungeon (3/15)

Altars:


Message History

A rat comes into view.
The orc hits you but does no damage.
Something unseen breaks down the door.
The adder bites you. The orc misses you.
You closely miss the adder. The adder bites you but does no damage.
The adder bites you. You block the orc's attack.
You closely miss the adder. You block the adder's attack.
The kobold closely misses you. The orc completely misses you.
The adder closely misses you.
You barely miss the adder.
The orc hits you from afar with a +0 trident.
The kobold hits you from afar with a +0 spear.
The adder closely misses you. The kobold barely misses you.
The orc closely misses you. You block the adder's attack.
You barely miss the adder. The adder bites you but does no damage.
The kobold hits you from afar with a +0 spear.
The orc hits you from afar with a +0 trident.
You slash the adder!
You kill the adder!
The kobold misses you. The orc misses you.
The kobold hits you but does no damage. The orc barely misses you.
There is an open door here.
You see here an adder corpse.
You barely miss the orc. You hit the kobold.
The orc hits you with a +0 trident. The kobold hits you with a +0 spear.
The kobold closely misses you. The orc barely misses you.
You barely miss the kobold.
The kobold is moderately wounded.
You barely miss the orc. The orc barely misses you.
The kobold barely misses you.
You barely miss the kobold.
The kobold is moderately wounded.
You closely miss the orc. The orc misses you. You block the kobold's attack.
You hit the kobold.
You kill the kobold!
You hit the orc. The orc barely misses you. The orc hits you with a +0 trident.
You die...

#...# ####### #...#
#...# ....## #####
##### .....#### #...#
#..'.
.###....#####.8.+#...#
.# ####.....#...#ogr#
.# #####.#...#or# .#
#.'.8.@# .# ###..%#)#
.# #...#..# .#
#.8.'##.. #...# .##
##### #


You could see 2 orcs, a quokka, a goblin and a rat.

Vanquished Creatures
  Natasha (thrice) (D:2)
  2 adders (D:3)
  A worm (D:2)
  2 dart slugs
  An orc (D:2)
  2 giant cockroaches (D:3)
  2 goblins
  9 hobgoblins
  3 jackals (D:1)
  5 kobolds
  2 quokkas
  3 ball pythons
  8 bats
  A frilled lizard (D:3)
  6 rats
50 creatures vanquished.

Notes
Turn   | Place    | Note
-------+----------+-------------------------------------------
     0 | D:1      | qw the Gargoyle Fighter began the quest for the Orb.
     0 | D:1      | Reached XP level 1. HP: 14/14 MP: 1/1
     0 | D:1      | Noticed a demonspawn zombie
     0 | D:1      | 0 ||| qw: Version: 0.1-a-116-g5d60599
     0 | D:1      | 0 ||| qw: Game counter: 7576
     0 | D:1      | 0 ||| qw: Always use a shield: true
     0 | D:1      | 0 ||| qw: God list: Okawaru
     0 | D:1      | 0 ||| qw: Allow faded altars: false
     0 | D:1      | 0 ||| qw: Do Orc after D:15 true
     0 | D:1      | 0 ||| qw: Do second Lair branch before Depths: true
     0 | D:1      | 0 ||| qw: Lair rune preference: random
     0 | D:1      | 0 ||| qw: Plans: Normal, Zot, God:TSO, Crypt, Tomb, Zig,
                  | Orb
     0 | D:1      | 0 ||| PLANNING D:1-11
     8 | D:1      | Noticed a merfolk zombie
    15 | D:1      | Noticed a minotaur zombie
    17 | D:1      | Noticed a demonspawn zombie
    21 | D:1      | Noticed a demonspawn zombie
    43 | D:1      | Reached skill level 2 in Axes
    49 | D:1      | Reached XP level 2. HP: 15/19 MP: 2/2
   102 | D:1      | 102 ||| Stepping ~*~*~tactically~*~*~ (stealth).
   199 | D:1      | Found a faded altar of an unknown god.
   272 | D:1      | Reached skill level 3 in Axes
   305 | D:1      | 305 ||| DROPPING +0 club.
   415 | D:1      | Reached XP level 3. HP: 21/23 MP: 3/3
   485 | D:1      | 485 ||| UPGRADING to +4 ring of evasion.
   486 | D:1      | 486 ||| READING scroll labelled NUISICZULI.
   489 | D:1      | 489 ||| READING scroll labelled NAIN JE VIH.
   490 | D:1      | 490 ||| READING scroll labelled DOGYONE CIUMED.
   546 | D:1      | 546 ||| READING scroll labelled MIEZOO DENLU.
   547 | D:1      | 547 ||| READING scroll labelled QAGIKK XARIME.
   696 | D:2      | Noticed Natasha
   697 | D:2      | 697 ||| Stepping ~*~*~tactically~*~*~ (hiding).
   698 | D:2      | 698 ||| Stepping ~*~*~tactically~*~*~ (hiding).
   708 | D:2      | Killed Natasha
   711 | D:2      | Noticed Natasha
   722 | D:2      | Reached XP level 4. HP: 12/28 MP: 4/4
   729 | D:2      | Killed Natasha
   730 | D:2      | Reached skill level 4 in Axes
   975 | D:2      | Noticed Natasha
   976 | D:2      | 976 ||| Stepping ~*~*~tactically~*~*~ (hiding).
   981 | D:2      | Killed Natasha
  1082 | D:2      | Reached XP level 5. HP: 29/32 MP: 5/5
  1221 | D:2      | 1221 ||| UPGRADING to ring of resist corrosion.
  1232 | D:3      | 1232 ||| STAIRDANCE
  1291 | D:2      | 1291 ||| DROPPING +0 whip.
  1292 | D:2      | 1292 ||| UPGRADING to +0 chain mail.
  1302 | D:2      | 1302 ||| DROPPING +0 scale mail.
  1367 | D:3      | 1367 ||| Stepping ~*~*~tactically~*~*~ (hiding).
  1650 | D:3      | HP: 5/32 [kobold/+0 spear (4)]
  1653 | D:3      | HP: 2/32 [orc/+0 trident (2)]
  1656 | D:3      | Slain by an orc

Levels and vault maps discovered:
D:1:      shiori_arrival_whats_in_store_for_you, layout_rooms,
          hellmonk_ecumenical_altar_pennies_from_heaven
D:2:      layout_basic, minmay_pentomino_x2, uniq_natasha
D:3:      minmay_chambers_of_threes, layout_basic, jmf_multi_god_temple,
          nicolae_overflow_ecumenical_swirl

Skill      XL: |  1  2  3  4 |
---------------+-------------+-----
Axes           | 2 3 4 |  4.9
Fighting       | |  3.2
Armour         | |  3.2
Shields        | |  3.2

Action                   |  1- 3 |  4- 6 || total
-------------------------+-------+-------++-------
Melee: War axe           |    85 |    61 ||   146
  Use: Scroll            |     5 |       ||     5
Armor: Scale mail        |    47 |    16 ||    63
       Chain mail        |       |     9 ||     9
Dodge: Dodged            |    49 |    58 ||   107
Block: Buckler           |    15 |    13 ||    28

Table legend:
 A = Non-vault XP
 B = Vault XP
 C = Vault XP percentage of total XP
 D = Non-vault monster count
 E = Vault monster count
 F = Vault count percentage of total count
                 A         B        C        D         E       F
            +---------+---------+-------+---------+---------+-------
      Total |     151 |      65 |  30.1 |      44 |       6 |  12.0
            +---------+---------+-------+---------+---------+-------
        D:1 |      35 |       0 |   0.0 |      19 |       0 |   0.0
        D:2 |     101 |      37 |  26.8 |      17 |       2 |  10.5
        D:3 |      15 |      28 |  65.1 |       8 |       4 |  33.3
            +---------+---------+-------+---------+---------+-------
